[Event "Team 45 45 League T42"]
[Site "Internet Chess Club"]
[Date "2009.09.18"]
[Round "8"]
[White "martineden"]
[Black "nosalt"]
[Result "0-1"]
[WhiteElo "1940"]
[BlackElo "2027"]
[Opening "King's Indian, 3.Nf3"]
[ECO "E68"]
[Time "10:06:46"]
[TimeControl "2700+45"]

1. d4 Nf6 2. Nf3 g6 3. c4 Bg7 4. g3 O-O 5. Bg2 d6 6. O-O c6 7. Nc3 Nbd7 8. e4 e5
9. d5 cxd5 10. exd5 h6 11. Qc2 Nc5 12. Nh4 Bd7 13. Nxg6 fxg6 14. Qxg6 Qe8 15.
Qc2 Qh5 16. b4 Bf5 17. Qd2 Nd3 18. Ba3 e4 19. Rad1 Ng4 20. h4 Ngxf2 21. Rxf2 Bd4
22. Nxe4 Bxe4 23. Bxe4 Bxf2+ 24. Kh2 Ne5 25. Qc2 Qg4 26. Rg1 Bxg1+ {White
resigns} 0-1

[Event "Team 45 45 League T42"]
[Site "Internet Chess Club"]
[Date "2009.09.21"]
[Round "8"]
[White "Andressa"]
[Black "Karan99"]
[Result "1-0"]
[WhiteElo "1518"]
[BlackElo "1408"]
[Opening "Giuoco Piano: four knights variation"]
[ECO "C47"]
[Time "19:00:22"]
[TimeControl "2700+45"]

1. e4 e5 2. Nf3 Nc6 3. Nc3 Nf6 4. Bc4 Bc5 5. O-O O-O 6. a3 d6 7. b4 Bb6 8. d3
Bg4 9. h3 Bh5 10. Be3 Nd4 11. g4 Nxg4 12. Bxd4 Bxd4 13. Nxd4 Nf6 14. Nde2 Bf3
15. Qd2 Qd7 16. Kh2 Ng4+ 17. Kg3 b5 18. Bxb5 c6 19. Bxc6 Qxc6 20. Kxf3 f5 21.
Kg2 fxe4 22. Nxe4 d5 23. hxg4 dxe4 24. Qc3 Qg6 25. Qxe5 Qxg4+ 26. Ng3 Rae8 27.
Qh5 Qf4 28. Nxe4 Re5 29. Qh3 g5 30. Qg3 Qf5 31. f4 Re6 32. fxg5 Qd5 33. Rxf8+
Kxf8 34. Rf1+ Kg8 35. Kh3 Qd7 36. Nf6+ Rxf6+ 37. Kg2 Qd5+ 38. Rf3 Rxf3 39. Qxf3
Qxg5+ 40. Qg3 Qxg3+ 41. Kxg3 Kf7 42. c4 Ke6 43. d4 Kd6 44. a4 Kc6 45. d5+ Kd6
46. Kf4 a6 47. a5 Kd7 48. c5 Kc7 49. d6+ Kc6 50. Kg5 Kd7 51. Kh6 Kc6 52. Kxh7
Kd7 53. Kg6 Kc6 54. Kf7 Kd7 55. Kf6 Kd8 56. Ke6 Ke8 57. c6 Kd8 58. d7 Kc7 59.
Ke7 Kxc6 60. d8=Q Kb5 61. Qb6+ Ka4 62. Qxa6 Kxb4 63. Kd6 Ka4 64. Kc5 Kb3 65.
Qb5+ Kc3 66. a6 Kc2 67. a7 Kd2 68. a8=Q Ke1 69. Qa1+ Kf2 70. Qbf1+ Ke3 71. Qc3+
Ke4 72. Qff3# {Black checkmated} 1-0

[Event "Team 45 45 League T42"]
[Site "Internet Chess Club"]
[Date "2009.09.22"]
[Round "8"]
[White "AntMantis"]
[Black "Juan73"]
[Result "1-0"]
[WhiteElo "1697"]
[BlackElo "1617"]
[Opening "QGA: 3.e4"]
[ECO "D20"]
[Time "19:08:08"]
[TimeControl "2700+45"]

1. d4 d5 2. c4 dxc4 3. e4 Nf6 4. e5 Nd5 5. Bxc4 Nb6 6. Bb3 Nc6 7. Nf3 Bg4 8. Be3
Na5 9. Bxf7+ Kd7 10. h3 Bxf3 11. Qxf3 Kc8 12. Be6+ Kb8 13. O-O g6 14. Nc3 Nac4
15. b3 Nxe3 16. Qxe3 h5 17. Qe4 g5 18. Rac1 Rh6 19. d5 Bg7 20. Nb5 Nxd5 21. Rfd1
Rxe6 22. Rxd5 Qe8 23. Nxc7 Qc8 24. Na6+ bxa6 25. Rxc8+ Kxc8 26. Qf5 {Black
resigns} 1-0

[Event "Team 45 45 League T42"]
[Site "Internet Chess Club"]
[Date "2009.09.20"]
[Round "8"]
[White "nozmov"]
[Black "KoalieAwe"]
[Result "0-1"]
[WhiteElo "1385"]
[BlackElo "1458"]
[Opening "Bird's opening"]
[ECO "A03"]
[Time "21:01:36"]
[TimeControl "2700+45"]

1. f4 d5 2. Nf3 c5 3. b3 Bf5 4. e3 Nf6 5. Bb2 e6 6. Bb5+ Nbd7 7. Bxf6 gxf6 8. d3
Qa5+ 9. Nc3 Qxc3+ 10. Nd2 O-O-O {White resigns} 0-1

[Event "Team 45 45 League T42"]
[Site "Internet Chess Club"]
[Date "2009.09.19"]
[Round "8"]
[White "vaknight"]
[Black "rubo"]
[Result "1-0"]
[WhiteElo "1697"]
[BlackElo "1686"]
[Opening "Bird: From gambit"]
[ECO "A02"]
[Time "14:00:15"]
[TimeControl "2700+45"]

1. f4 e5 2. fxe5 d6 3. exd6 Bxd6 4. Nf3 Nf6 5. d4 Ng4 6. e4 Bxh2 7. Qe2 Bg3+ 8.
Kd2 Nf2 9. Rh5 Bg4 10. Rd5 Qe7 11. Nc3 c6 12. Ra5 O-O 13. Qe3 Qc7 14. Ne5 Qxa5
15. Nxg4 Bh4 16. Qf3 Bg5+ 17. Ne3 Bh4 18. Nf5 Nd7 19. Nxh4 Qg5+ 20. Ke2 Qxh4 21.
Qxf2 Qe7 22. Bd2 Nf6 23. Qf3 Rad8 24. Kd3 Qd7 25. Be3 Rfe8 26. Rd1 h6 27. Kd2 b5
28. a3 a5 29. Kc1 b4 30. e5 bxc3 31. exf6 cxb2+ 32. Kb1 g5 33. Bd3 Rb8 34. Bxg5
hxg5 35. Qh5 {Black resigns} 1-0

[Event "Team 45 45 League T42"]
[Site "Internet Chess Club"]
[Date "2009.09.19"]
[Round "8"]
[White "rayngrant"]
[Black "Kallistos"]
[Result "0-1"]
[WhiteElo "1579"]
[BlackElo "1757"]
[Opening "Scandinavian (center counter) defense"]
[ECO "B01"]
[Time "10:03:26"]
[TimeControl "2700+45"]

1. e4 d5 2. exd5 Qxd5 3. Nc3 Qa5 4. d4 c6 5. Nf3 Nf6 6. Bd2 Bf5 7. Ne4 Qc7 8.
Nxf6+ exf6 9. Bc4 Bd6 10. Qe2+ Qe7 11. Qxe7+ Bxe7 12. O-O-O O-O 13. Rde1 Bd6 14.
Nh4 Bd7 15. Re2 b5 16. Bb3 a5 17. a4 b4 18. Rhe1 Na6 19. Bc4 c5 20. Be3 cxd4 21.
Bxd4 Bxa4 22. b3 Bd7 23. h3 Nc5 24. Rd1 Bc6 25. f3 Rad8 26. Nf5 Bf4+ 27. Kb2
Rfe8 28. Ree1 {White resigns} 0-1

[Event "Team 45 45 League T42"]
[Site "Internet Chess Club"]
[Date "2009.09.20"]
[Round "8"]
[White "werty"]
[Black "BenjaminSisko"]
[Result "0-1"]
[WhiteElo "1540"]
[BlackElo "1570"]
[Opening "Queen's pawn: Yusupov-Rubinstein system"]
[ECO "A46"]
[Time "07:19:06"]
[TimeControl "2700+45"]

1. d4 Nf6 2. Nf3 e6 3. e3 Be7 4. Bd3 O-O 5. Nbd2 d5 6. O-O c5 7. c3 b6 8. Re1
Bb7 9. e4 dxe4 10. Nxe4 Nxe4 11. Bxe4 Bxe4 12. Rxe4 cxd4 13. Rxd4 Qc7 14. Bf4
Qc5 15. Be3 Qh5 16. Qc2 Nc6 17. Rd7 Rad8 18. Rad1 Rxd7 19. Rxd7 Rd8 20. Qd2 Rxd7
21. Qxd7 Qd5 22. Qxd5 exd5 23. Kf1 Kf8 24. Ke2 Ke8 25. Kd3 Kd7 26. Nd4 Ne5+ 27.
Kc2 g6 28. h3 a6 29. b3 f6 30. f4 Nf7 31. Kd3 Nd6 32. Nf3 Bd8 33. Nd4 b5 34. Nc2
a5 35. Kd4 Kc6 36. b4 Nc4 37. Kd3 axb4 38. Nxb4+ Kd6 39. Bf2 Ke6 40. Bc5 Bc7 41.
g3 g5 42. Na6 Bd8 43. fxg5 fxg5 44. Nb4 Bc7 45. g4 Be5 46. Bd4 Bd6 47. Nc2 Nb2+
48. Kd2 Bf4+ 49. Ke2 Na4 50. Kd3 Nb2+ 51. Ke2 Kd6 52. Nb4 Na4 53. Kd3 Nc5+ 54.
Ke2 Ne6 55. Kd3 Be5 56. Ba7 Nf4+ 57. Kc2 Nxh3 58. Bb8+ Ke6 59. Bxe5 Kxe5 60. Kd3
Nf2+ {White resigns} 0-1

[Event "Team 45 45 League T42"]
[Site "Internet Chess Club"]
[Date "2009.09.21"]
[Round "8"]
[White "nobull"]
[Black "jacknor"]
[Result "0-1"]
[WhiteElo "1400"]
[BlackElo "1630"]
[Opening "King's Indian, 3.Nf3"]
[ECO "E60"]
[Time "19:00:32"]
[TimeControl "2700+45"]

1. Nf3 Nf6 2. d4 g6 3. c4 Bg7 4. g3 b6 5. Bg2 Bb7 6. O-O O-O 7. Nc3 d6 8. Re1 e5
9. d5 Nbd7 10. Rb1 a5 11. a3 Ba6 12. b3 Nh5 13. Ng5 h6 14. Nge4 f5 15. Nd2 Nhf6
16. e4 Nc5 17. Nf1 Rb8 18. Be3 Bc8 19. b4 axb4 20. axb4 Ncxe4 21. Nxe4 Nxe4 22.
Qc1 Ng5 23. h4 Nf7 24. Nh2 Qf6 25. f4 e4 26. Bf2 h5 27. Nf1 Ra8 28. Rd1 Bd7 29.
Bd4 Qe7 30. Bxg7 Kxg7 31. Ra1 Qf6 32. Qd2 Rxa1 {White resigns} 0-1

[Event "Team 45 45 League T42"]
[Site "Internet Chess Club"]
[Date "2009.09.19"]
[Round "8"]
[White "Masterntraining"]
[Black "AVEMARIA"]
[Result "1-0"]
[WhiteElo "1754"]
[BlackElo "1708"]
[Opening "Sicilian: closed"]
[ECO "B23"]
[Time "08:09:37"]
[TimeControl "2700+45"]

1. e4 c5 2. Nc3 e6 3. f4 Nc6 4. Nf3 d5 5. exd5 exd5 6. Bb5 Ne7 7. O-O Bg4 8. Qe1
Bxf3 9. Rxf3 g6 10. Qe5 Rg8 11. f5 gxf5 12. Rxf5 Bg7 13. Qe1 Bd4+ 14. Kh1 Bxc3
15. dxc3 Qd7 16. Bg5 O-O-O 17. Re5 Qg4 18. h3 Qh5 19. Bxe7 Nxe5 20. Bxd8 Rxd8
21. Qe2 Qg5 22. Re1 f6 23. Qe3 Qxe3 24. Rxe3 Kc7 25. Be2 Kd6 26. Kh2 Rd7 27. Rg3
Re7 28. Rg8 b6 29. Kg3 Kc7 30. Kf2 Kd6 31. Rd8+ Rd7 32. Rxd7+ Kxd7 33. Ke3 Ke6
34. Bd3 Nxd3 35. cxd3 Ke5 36. g4 a5 37. d4+ Kd6 38. Kf4 Ke6 39. a4 h6 40. b3 c4
41. bxc4 dxc4 42. Ke4 Kd6 43. h4 b5 44. Ke3 Kd5 45. axb5 a4 46. Kd2 Kd6 47. Kc2
a3 48. Kb1 Kc7 49. Ka2 Kb6 50. Kxa3 Kxb5 51. Kb2 Kc6 52. Kc2 Kd5 53. Kd2 Ke4 54.
Ke2 Kf4 55. d5 Ke5 56. Ke3 Kxd5 57. Kf4 Ke6 58. Ke4 Kd6 59. Kf5 Kd5 60. h5 Kd6
61. Kxf6 Kd5 62. Kf5 {Black resigns} 1-0

[Event "Team 45 45 League T42"]
[Site "Internet Chess Club"]
[Date "2009.09.18"]
[Round "8"]
[White "cysk"]
[Black "BrerRabbit"]
[Result "1-0"]
[WhiteElo "1676"]
[BlackElo "1578"]
[Opening "Pirc defense"]
[ECO "B07"]
[Time "19:16:04"]
[TimeControl "2700+45"]

1. e4 d6 2. d4 Nf6 3. Nc3 g6 4. Be3 c6 5. h3 Nbd7 6. g4 Nb6 7. Bg2 Bg7 8. b3 O-O
9. Nge2 e5 10. a4 Nbd7 11. Qd2 b6 12. g5 Nh5 13. O-O-O a6 14. Bf3 b5 15. dxe5
dxe5 16. Bxh5 gxh5 17. Ng3 Re8 18. Nxh5 Qe7 19. Qd6 b4 20. Ne2 Qxd6 21. Rxd6 c5
22. Nxg7 Kxg7 23. Ng3 Re6 24. Nf5+ Kf8 25. Rhd1 Rxd6 26. Nxd6 Ke7 27. Nf5+ Ke8
28. Nd6+ Ke7 29. Nf5+ Ke8 30. Rd6 Nf8 31. Ng7+ Ke7 32. Bxc5 Ng6 33. Rxa6+ Kd7
34. Rxa8 Bb7 35. Ra7 Kc8 36. Nf5 {Black resigns} 1-0

[Event "Team 45 45 League T42"]
[Site "Internet Chess Club"]
[Date "2009.09.19"]
[Round "8"]
[White "bmw2002"]
[Black "GadsHill"]
[Result "0-1"]
[WhiteElo "1597"]
[BlackElo "1558"]
[Opening "QGD: Tarrasch, Prague variation, 9.Bg5"]
[ECO "A13"]
[Time "10:04:19"]
[TimeControl "2700+45"]

1. c4 e6 2. g3 Nf6 3. Bg2 d5 4. cxd5 exd5 5. Nf3 c5 6. d4 Be7 7. O-O O-O 8. Nc3
Nc6 9. Bg5 cxd4 10. Nxd4 h6 11. Be3 Re8 12. Nb3 Be6 13. Nc5 Bxc5 14. Bxc5 b6 15.
Ba3 Rc8 16. Nb5 Rb8 17. Rc1 Ne5 18. Nc7 Nc4 19. Nxe8 Qxe8 20. Rc3 b5 21. b4 Qe7
22. Qd3 Rd8 23. Rb3 d4 24. Rbb1 Ne5 25. Qxb5 Bxa2 26. Rbc1 d3 27. exd3 Nxd3 28.
Rc3 Nxf2 29. Kxf2 Ne4+ 30. Bxe4 Qxe4 31. Qc4 Bxc4 32. Re3 Rd2+ {White resigns}
0-1

[Event "Team 45 45 League T42"]
[Site "Internet Chess Club"]
[Date "2009.09.19"]
[Round "8"]
[White "AngryPirate"]
[Black "zepled37"]
[Result "0-1"]
[WhiteElo "1453"]
[BlackElo "1682"]
[Opening "Sicilian: Grand Prix attack"]
[ECO "B23"]
[Time "12:05:32"]
[TimeControl "2700+45"]

1. e4 c5 2. Nc3 Nc6 3. f4 e6 4. Nf3 d5 5. Bb5 Ne7 6. O-O a6 7. Bxc6+ Nxc6 8. d3
Be7 9. a4 O-O 10. b3 d4 11. Ne2 b6 12. Ng3 Re8 13. Nd2 Bb7 14. f5 Bf6 15. Nh5
Qe7 16. fxe6 fxe6 17. Nxf6+ gxf6 18. Ba3 Kh8 19. Rf2 Rg8 20. Qf1 Raf8 21. Nc4 b5
22. axb5 axb5 23. Nd2 Ne5 24. Nf3 Ng4 25. Re2 f5 26. e5 b4 27. h3 bxa3 28. hxg4
fxg4 {White resigns} 0-1

[Event "Team 45 45 League T42"]
[Site "Internet Chess Club"]
[Date "2009.09.19"]
[Round "8"]
[White "Giacometti"]
[Black "parrot9"]
[Result "0-1"]
[WhiteElo "1760"]
[BlackElo "1803"]
[Opening "Bird's opening: Lasker variation"]
[ECO "A03"]
[Time "09:03:58"]
[TimeControl "2700+45"]

1. f4 d5 2. Nf3 Nf6 3. e3 c5 4. d3 Nc6 5. Be2 e6 6. O-O Be7 7. Ne5 Qc7 8. d4 O-O
9. c3 a6 10. Bd3 b5 11. Nd2 Bb7 12. g4 Nxe5 13. dxe5 Ne4 14. g5 f6 15. gxf6 gxf6
16. Qg4+ Kh8 17. Qxe6 Bc8 18. Qxd5 Rg8+ 19. Qxg8+ Kxg8 20. Bxe4 Bb7 21. Bxb7
Qxb7 22. exf6 Bxf6 23. e4 Kh8 24. Rf3 Bh4 25. Kf1 Rg8 26. Rh3 Qg7 27. Rxh4 Qg1+
28. Ke2 c4 29. e5 Rg2+ 30. Kf3 Qf2+ 31. Ke4 Qxh4 32. Nf3 Re2+ 33. Kf5 Qh5+ 34.
Ng5 Qg6+ 35. Kg4 h6 36. Kf3 Rxh2 37. Ne4 Rh3+ {White resigns} 0-1

[Event "Team 45 45 League T42"]
[Site "Internet Chess Club"]
[Date "2009.09.19"]
[Round "8"]
[White "Invicta-Knight"]
[Black "Monsieur"]
[Result "1-0"]
[WhiteElo "1574"]
[BlackElo "1580"]
[Opening "Center game: Paulsen attack"]
[ECO "C22"]
[Time "14:00:07"]
[TimeControl "2700+45"]

1. e4 e5 2. d4 exd4 3. Qxd4 Nc6 4. Qe3 Bb4+ 5. Bd2 Bxd2+ 6. Nxd2 Qe7 7. Qg3 Nf6
8. O-O-O O-O 9. Qxc7 Qc5 10. Qg3 Re8 11. Nb3 Qb6 12. f3 a5 13. Rd6 Qe3+ 14. Kb1
Nh5 15. Qh4 a4 16. Nc1 g6 17. Nge2 b5 18. Ng3 Qe1 19. Bxb5 Qb4 20. Nxh5 Qxd6 21.
Nf6+ Kf8 22. Nxe8 Kxe8 23. Qxh7 Qc5 24. Qh8+ Ke7 25. Bxc6 dxc6 26. Nd3 Qa5 27.
Qe5+ Be6 28. Qxa5 Rxa5 29. Rd1 a3 30. b3 c5 31. c4 g5 32. Ne5 Ra6 33. Nd3 Rc6
34. g3 f5 35. e5 Rc7 36. h4 gxh4 37. gxh4 Rc8 38. h5 Rb8 39. Nxc5 f4 40. Nxe6
Kxe6 41. Rd5 Rh8 42. h6 Kf5 43. b4 Rxh6 44. b5 Rh2 45. Rd3 Rb2+ 46. Ka1 Rc2 47.
Rxa3 Rxc4 48. b6 Rc8 49. Ra5 Kg5 50. b7 Rb8 51. Rb5 Kf5 52. a4 Ke6 53. a5 Kd7
54. a6 Kc6 55. a7 Rxb7 56. a8=Q {Black resigns} 1-0

[Event "Team 45 45 League T42"]
[Site "Internet Chess Club"]
[Date "2009.09.21"]
[Round "8"]
[White "Dr-Checkmate"]
[Black "allanchs"]
[Result "0-1"]
[WhiteElo "1537"]
[BlackElo "1563"]
[Opening "Vienna game"]
[ECO "C28"]
[Time "12:04:28"]
[TimeControl "2700+45"]

1. Nc3 e5 2. e4 Nf6 3. Bc4 Nc6 4. f4 Bc5 5. Nf3 d6 6. h3 Be6 7. Bb5 a6 8. Bxc6+
bxc6 9. fxe5 Nd7 10. d4 Bb4 11. exd6 cxd6 12. O-O O-O 13. d5 cxd5 14. Nxd5 Bxd5
15. Qxd5 Nf6 16. Qg5 Nxe4 17. Qg4 Bc5+ 18. Kh1 Nf2+ 19. Rxf2 Bxf2 20. Bh6 Qf6
21. Bg5 Qxb2 22. Rf1 Bc5 23. Nh4 Qd4 24. Qg3 Qe5 25. Bf4 Qf6 26. Nf3 Rae8 27.
Bg5 Qc3 28. Qg4 Be3 29. Bh4 Qxc2 30. Bf6 Qg6 {White resigns} 0-1

[Event "Team 45 45 League T42"]
[Site "Internet Chess Club"]
[Date "2009.09.21"]
[Round "8"]
[White "EyeAm"]
[Black "cobra2008"]
[Result "1-0"]
[WhiteElo "1559"]
[BlackElo "1578"]
[Opening "Giuoco Piano: Bird's attack"]
[ECO "C54"]
[Time "21:00:11"]
[TimeControl "2700+45"]

1. e4 e5 2. Nf3 Nc6 3. Bc4 Bc5 4. c3 Nf6 5. b4 Bb6 6. d3 d6 7. a4 a6 8. O-O Kf8
9. Ng5 Bg4 10. Qb3 d5 11. exd5 Nb8 12. d6 Bh5 13. Bxf7 Bg4 14. a5 Ba7 15. h3 Bc8
16. Bh5 Qd7 17. Bf7 Qxd6 18. Ba3 b5 19. axb6 Bxb6 20. Nd2 Qe7 21. d4 exd4 22.
Rfe1 Nc6 23. Rxe7 Nxe7 24. b5 axb5 25. Bxe7+ Kxe7 26. Rxa8 h6 27. Rxc8 Rxc8 28.
Qe6+ Kd8 29. Nde4 Ra8 30. Nxf6 Ra1+ 31. Kh2 Rh1+ 32. Kxh1 gxf6 33. Qe8# {Black
checkmated} 1-0

[Event "Team 45 45 League T42"]
[Site "Internet Chess Club"]
[Date "2009.09.18"]
[Round "8"]
[White "xlxe5"]
[Black "LeanSixSigma"]
[Result "1-0"]
[WhiteElo "1437"]
[BlackElo "1299"]
[Opening "Queen's pawn: Yusupov-Rubinstein system"]
[ECO "A46"]
[Time "19:09:49"]
[TimeControl "2700+45"]

1. d4 Nf6 2. Nf3 e6 3. e3 Be7 4. Bd3 d6 5. Qe2 Nbd7 6. Nbd2 c5 7. c3 d5 8. e4 c4
9. Bc2 Nb6 10. e5 Nfd7 11. O-O O-O 12. Nb1 f6 13. exf6 Nxf6 14. Re1 Qd6 15. Ne5
Bd7 16. Nd2 Be8 17. Ndf3 Bh5 18. Bf4 Qd8 19. Qe3 Ng4 20. Nxg4 Bxg4 21. Bg5 Bxg5
22. Nxg5 Qd7 23. Bxh7+ Kh8 24. Qg3 Bf5 25. Bxf5 Rf6 26. Rxe6 Kg8 27. Rxf6 Qe7
28. Bh7+ Kh8 29. Nf7+ Kxh7 30. Qh3+ Kg8 31. Qh8# {Black checkmated} 1-0

[Event "Team 45 45 League T42"]
[Site "Internet Chess Club"]
[Date "2009.09.19"]
[Round "8"]
[White "Traho"]
[Black "kingsrook"]
[Result "1/2-1/2"]
[WhiteElo "1229"]
[BlackElo "1317"]
[Opening "Réti: King's Indian attack, Keres variation"]
[ECO "A07"]
[Time "18:00:50"]
[TimeControl "2700+45"]

1. Nf3 d5 2. g3 Bg4 3. Bg2 Nd7 4. O-O e5 5. d3 Ngf6 6. Nbd2 c6 7. Re1 Bd6 8. c4
O-O 9. e4 d4 10. h3 Bxf3 11. Nxf3 c5 12. a3 a5 13. Bd2 Qc7 14. Rb1 a4 15. b3
axb3 16. Rxb3 b6 17. Qc2 Ra6 18. Nh4 Qc6 19. Nf5 Re8 20. Nxd6 Qxd6 21. f4 Nh5
22. f5 Nxg3 23. Kh2 Nh5 24. Rf1 Nf4 25. Qd1 Nxg2 26. Kxg2 Nf6 27. Qe2 Rb8 28.
Rfb1 Qc6 29. Bc1 Rba8 30. Rb5 Nd7 31. h4 Ra5 32. Qg4 Kh8 33. h5 R5a6 34. Qh4 h6
35. Qe7 Rf8 36. Qh4 Nf6 37. Qh3 Rb8 38. Qg3 Qd6 39. Qf3 Rba8 40. Qe2 Rb8 41. Kh3
Nh7 42. Qd1 Ng5+ 43. Bxg5 hxg5 44. Qc1 Qh6 45. Kg4 f6 46. a4 Qh7 47. a5 Qg8 48.
Rxb6 Raxb6 49. Rxb6 Ra8 50. Qb1 Qc8 51. a6 Kh7 52. Qb5 Kh6 53. Qc6 Qf8 54. Qd6
Qf7 55. Kg3 Qxh5 56. Qxe5 Qh4+ 57. Kg2 Qg4+ 58. Qg3 Qe2+ 59. Kh3 Qh5+ 60. Kg2
Qe2+ 61. Kh3 Qh5+ 62. Kg2 {Game drawn by mutual agreement} 1/2-1/2

[Event "Team 45 45 League T42"]
[Site "Internet Chess Club"]
[Date "2009.09.22"]
[Round "8"]
[White "WannaB"]
[Black "bowwrestler"]
[Result "0-1"]
[WhiteElo "1033"]
[BlackElo "1055"]
[Opening "Scandinavian: Pytel-Wade variation"]
[ECO "B01"]
[Time "10:59:30"]
[TimeControl "2700+45"]

1. e4 d5 2. exd5 Qxd5 3. Nc3 Qd6 4. d4 Nf6 5. Nf3 a6 6. Bc4 b5 7. Be2 e6 8. a3
Bb7 9. O-O Be7 10. b4 Nbd7 11. Qd3 O-O-O 12. Ne5 Nxe5 13. dxe5 Qxe5 14. Bf4 Qxf4
15. Qg3 Qxg3 16. hxg3 h5 17. f3 g5 18. Kf2 h4 19. Rh1 hxg3+ 20. Kxg3 Bd6+ 21.
Kf2 Rxh1 22. Rxh1 Rg8 23. Rh6 Rg6 24. Rh8+ Rg8 25. Rxg8+ Nxg8 26. Ne4 Be7 27.
Nc5 Bxc5+ 28. bxc5 f5 29. c4 bxc4 30. Bxc4 Bd5 31. Bxa6+ Kd7 32. Bb5+ Bc6 33.
Bd3 Ba4 34. g3 Kc6 35. Bc4 Kxc5 36. Bxe6 Nf6 37. Bxf5 Kc4 38. f4 gxf4 39. gxf4
c5 40. Be6+ Kc3 41. Ke3 Bb3 42. f5 Kb2 43. Bxb3 Kxb3 44. Kd3 c4+ 45. Kd4 c3 46.
Kd3 Kb2 47. a4 c2 {White resigns} 0-1

[Event "Team 45 45 League T42"]
[Site "Internet Chess Club"]
[Date "2009.09.20"]
[Round "8"]
[White "SlimeDog2"]
[Black "easycure"]
[Result "0-1"]
[WhiteElo "2145"]
[BlackElo "2392"]
[Opening "Queen's pawn game"]
[ECO "A45"]
[Time "21:00:25"]
[TimeControl "2700+45"]

1. d4 Nf6 2. g3 e6 3. Bg2 c5 4. c3 Qb6 5. Nf3 Nc6 6. O-O Be7 7. dxc5 Bxc5 8. b4
Be7 9. Nbd2 d5 10. a3 a5 11. Rb1 axb4 12. cxb4 O-O 13. Bb2 Bd7 14. b5 Na5 15. a4
Rfd8 16. Ne5 Be8 17. Nb3 Nc4 18. Nxc4 dxc4 19. Nd2 Qa5 20. Bxb7 Rab8 21. Nxc4
Qc7 22. Qb3 Qxb7 23. Rfc1 Ne4 24. Be5 Rbc8 25. a5 Qd5 26. b6 Bc6 27. f3 Bc5+ 28.
Kg2 Nd2 29. Nxd2 Qxe5 30. Ne4 Bxe4 31. fxe4 Rb8 32. Qc4 Bd4 33. Qc6 Qxa5 34. b7
h6 35. Qc8 Kh7 36. Rc4 Rbxc8 37. Rxc8 Be5 {White resigns} 0-1

[Event "Team 45 45 League T42"]
[Site "Internet Chess Club"]
[Date "2009.09.20"]
[Round "8"]
[White "jorobo"]
[Black "GaShMa"]
[Result "1/2-1/2"]
[WhiteElo "2208"]
[BlackElo "2236"]
[Opening "Ruy Lopez: closed, Chigorin, 12...c5d4"]
[ECO "C99"]
[Time "01:00:08"]
[TimeControl "2700+45"]

1. e4 e5 2. Nf3 Nc6 3. Bb5 a6 4. Ba4 Nf6 5. O-O Be7 6. Re1 b5 7. Bb3 d6 8. c3
O-O 9. h3 Na5 10. Bc2 c5 11. d4 Qc7 12. Nbd2 cxd4 13. cxd4 Rd8 14. b3 Bb7 15.
Bb2 Nc6 16. Rc1 Qb6 17. d5 Nb4 18. Bb1 a5 19. Nf1 Rdc8 20. Qd2 Rxc1 21. Bxc1 Rc8
22. Ng3 g6 23. Qe2 Na6 24. Bd3 Nc5 25. Be3 Ba6 26. Rc1 Qb8 27. Bxc5 dxc5 28. a4
c4 29. bxc4 bxa4 30. Ne1 a3 31. c5 Bxc5 32. Bxa6 Bxf2+ 33. Qxf2 Rxc1 34. Qxf6
Rxe1+ 35. Kf2 Rb1 36. d6 Qb6+ 37. Kf3 Qxa6 38. Qd8+ Kg7 39. Nf5+ gxf5 40. Qg5+
Kh8 41. Qf6+ Kg8 42. Qg5+ Kh8 43. Qf6+ Kg8 44. Qg5+ {Game drawn by mutual
agreement} 1/2-1/2

[Event "Team 45 45 League T42"]
[Site "Internet Chess Club"]
[Date "2009.09.17"]
[Round "8"]
[White "adh2050"]
[Black "Ser-Enigma"]
[Result "0-1"]
[WhiteElo "2069"]
[BlackElo "2186"]
[Opening "Sicilian: closed"]
[ECO "B23"]
[Time "13:38:33"]
[TimeControl "2700+45"]

1. e4 c5 2. Nc3 e6 3. f4 d5 4. Nf3 dxe4 5. Nxe4 Nf6 6. Nxf6+ Qxf6 7. g3 Nc6 8.
Bg2 Be7 9. c3 O-O 10. O-O Rd8 11. Qe2 Bd7 12. Ne5 Be8 13. d3 Rab8 14. Be4 g6 15.
Be3 Qg7 16. Rad1 f6 17. Nxc6 bxc6 18. Rd2 Bd6 19. Qf2 Rb5 20. Re1 Qb7 21. d4
cxd4 22. Bxd4 Qe7 23. Rde2 c5 24. Bd5 cxd4 25. Rxe6 Rxd5 26. Rxe7 Bxe7 27. Rxe7
d3 28. Qxa7 Kf8 29. Rxh7 R5d7 30. Qc5+ Rd6 31. Qe3 Bf7 32. Qd2 Re8 33. f5 g5 34.
Rh8+ Bg8 35. c4 Kg7 36. Rh5 Re2 37. Qb4 Rd7 38. Qb5 Rde7 39. Rxg5+ fxg5 40. f6+
Kxf6 41. Qb6+ Kf7 42. Qc5 R2e5 43. Qd4 Bh7 44. g4 Re1+ 45. Kg2 R7e2+ 46. Kg3
Re3+ 47. Kf2 R1e2+ 48. Kg1 d2 49. Qd5+ Re6 50. Qf3+ Kg7 51. Qb7+ Kh6 {White
resigns} 0-1

[Event "Team 45 45 League T42"]
[Site "Internet Chess Club"]
[Date "2009.09.19"]
[Round "8"]
[White "gaibo4ever"]
[Black "trucazzo"]
[Result "0-1"]
[WhiteElo "2030"]
[BlackElo "2126"]
[Opening "KGD: Keene's defense"]
[ECO "C30"]
[Time "10:01:34"]
[TimeControl "2700+45"]

1. e4 e5 2. f4 Qh4+ 3. g3 Qe7 4. Nf3 exf4 5. d4 Qxe4+ 6. Kf2 fxg3+ 7. hxg3 Nf6
8. Bh3 Qg6 9. Nc3 Nc6 10. Re1+ Kd8 11. d5 Bc5+ 12. Be3 Bxe3+ 13. Rxe3 d6 14.
Bxc8 Kxc8 15. Kg2 Ng4 16. Re4 Qxe4 17. Nxe4 Ne3+ 18. Kg1 Nxd1 19. dxc6 Ne3 20.
cxb7+ Kxb7 21. c3 Rae8 22. Nfg5 f6 23. Nf7 Rhf8 24. Nfxd6+ cxd6 25. Nxd6+ Kc6
26. Nxe8 Rxe8 27. Kf2 Ng4+ 28. Kg2 h5 29. b3 Re2+ 30. Kf3 Re3+ 31. Kg2 Rxc3 32.
b4 Ra3 33. Kh3 Kb5 34. Kh4 g6 35. Kh3 Kxb4 36. Rb1+ Kc3 37. Rc1+ Kd3 38. Ra1 Ke2
39. Kh4 Kf2 40. Kh3 Rxg3+ 41. Kh4 Rg2 42. Rh1 Rh2+ 43. Rxh2+ Nxh2 44. a4 Nf3+
45. Kh3 g5 {White resigns} 0-1

[Event "Team 45 45 League T42"]
[Site "Internet Chess Club"]
[Date "2009.09.20"]
[Round "8"]
[White "CheeryCherry"]
[Black "frankd"]
[Result "1-0"]
[WhiteElo "1547"]
[BlackElo "1504"]
[Opening "Pirc: Austrian attack, dragon formation"]
[ECO "B09"]
[Time "13:00:17"]
[TimeControl "2700+45"]

1. e4 d6 2. d4 Nf6 3. Nc3 g6 4. f4 Bg7 5. Nf3 c5 6. Bb5+ Bd7 7. e5 Ng4 8. h3
Bxb5 9. Nxb5 Qa5+ 10. Nc3 cxd4 11. Nxd4 dxe5 12. Nb3 Qc7 13. Qxg4 Nc6 14. O-O
Nb4 15. Qe2 O-O 16. a3 Nc6 17. f5 Rad8 18. Ne4 Rfe8 19. f6 exf6 20. Nxf6+ Bxf6
21. Rxf6 Nd4 22. Nxd4 exd4 23. Qf2 Re6 24. Bh6 Qc6 25. Rxf7 Rde8 26. Rf8+ {Black
resigns} 1-0

[Event "Team 45 45 League T42"]
[Site "Internet Chess Club"]
[Date "2009.09.17"]
[Round "8"]
[White "cazj"]
[Black "nobull"]
[Result "0-1"]
[WhiteElo "1283"]
[BlackElo "1405"]
[Opening "Sicilian: Alapin's variation (2.c3)"]
[ECO "B22"]
[Time "22:15:39"]
[TimeControl "2700+45"]

1. e4 c5 2. c3 Nf6 3. Bd3 Nc6 4. Nf3 Qc7 5. Bc2 e5 6. d4 cxd4 7. cxd4 exd4 8.
O-O Be7 9. Bg5 O-O 10. Re1 d6 11. Na3 Bg4 12. Rc1 Qb8 13. Nb5 d3 14. Bxd3 a6 15.
Nc3 Ne5 16. Be2 Bxf3 17. Bxf3 Ned7 18. Nd5 Nxd5 19. Qxd5 Bxg5 20. Qxg5 Ne5 21.
Re3 Rc8 22. Rec3 Rxc3 23. Rxc3 Nc6 24. e5 Nxe5 25. Be4 Nd7 26. Rh3 Nf6 27. Rg3
Ne8 28. Rh3 Nf6 29. Rh4 Qe8 30. f3 d5 31. Bxh7+ Nxh7 32. Qg3 Qe3+ 33. Qf2 Qc1+
34. Qf1 Qxf1+ 35. Kxf1 Rc8 36. Rd4 Rc1+ 37. Ke2 Rc2+ 38. Ke3 Rxg2 39. Rxd5 Nf6
40. Rd8+ Kh7 41. Rf8 Rxh2 42. Rxf7 Rxb2 43. Kf4 Kg6 44. Ke5 Kxf7 {White resigns}
0-1